 Dungeon Crawl Stone Soup version 0.21-a0-476-gd103f4b (webtiles) character file.

777 karf the Cudgeler (level 7, 0/44 HPs)
             Began as a Gargoyle Gladiator on Nov 22, 2017.
             Slain by a killer bee (1 damage)
             ... on level 5 of the Dungeon.
             The game lasted 00:10:16 (3676 turns).

karf the Cudgeler (Gargoyle Gladiator)              Turns: 3676, Time: 00:10:16

Health: 0/44       AC: 12    Str: 19    XL:     7   Next: 84%
Magic:  7/7        EV: 11    Int:  9    God:
Gold:   207        SH:  3    Dex: 11    Spells: 6/6 levels left

rFire    . . .     SeeInvis .   i - +4 whip
rCold    . . .     Gourm    .   y - +0 buckler
rNeg     + . .     Faith    .   E - +0 ring mail {rPois}
rPois    ∞         Spirit   .   w - +2 hat
rElec    +         Reflect  .   (no cloak)
rCorr    .         Harm     .   (no gloves)
MR       .....                  (no boots)
Stlth    +.........             (no amulet)
HPRegen  0.14/turn              (no ring)
MPRegen  0.10/turn              (no ring)

@: no status effects
A: negative energy resistance 1, electricity resistance, unbreathing,
petrification resistance, rot immunity, AC +4
a: no special abilities


You were on level 5 of the Dungeon.
You were not hungry.

You visited 1 branch of the dungeon, and saw 6 of its levels.

You collected 207 gold pieces.

Inventory:

Hand Weapons
 a - a +0 flail
 i - a +4 whip (weapon)
Missiles
 d - 3 throwing nets (quivered)
Armour
 c - a +0 helmet
 w - a +2 hat (worn)
 y - a +0 buckler (worn)
 E - a +0 ring mail of poison resistance (worn)
Jewellery
 l - an uncursed amulet of faith {unknown}
 n - a cursed -3 ring of intelligence {unknown}
 v - an uncursed ring of resist corrosion {unknown}
Wands
 x - a wand of clouds (4)
Scrolls
 k - 6 scrolls of identify {unknown}
 q - 2 scrolls of teleportation {unknown}
 s - 2 scrolls of enchant weapon {unknown}
 u - a scroll of blinking {unknown}
 B - a scroll of remove curse {unknown}
 C - a scroll of noise {unknown}
Potions
 e - a potion of agility {unknown}
 h - a potion of cancellation {unknown}
 m - a potion of degeneration {unknown}
 o - 3 potions of heal wounds {unknown}
 t - 2 potions of curing {unknown}
 z - a potion of might {unknown}
 A - a potion of brilliance {unknown}
 D - 2 potions of magic {unknown}
Books
 p - a book of Changes

   Spells                             Type                      Level
   a - Beastly Appendage              Transmutation                1
   b - Sticks to Snakes               Transmutation                2
   c - Spider Form                    Transmutation/Poison         3
   d - Ice Form                       Ice/Transmutation            4
   e - Blade Hands                    Transmutation                5
Comestibles
 b - a royal jelly
 f - 4 bread rations
 g - 2 meat rations
 j - 12 fruits
 r - a chunk of flesh


   Skills:
 + Level 5.0 Fighting
 * Level 6.5 Maces & Flails
 - Level 1.9 Throwing
 + Level 4.2 Armour
 - Level 2.5 Dodging
 + Level 1.0 Shields


You had 6 spell levels left.
You didn't know any spells.

Dungeon Overview and Level Annotations

Branches:
Dungeon (6/15)
 Temple: D:4-7

Altars:
Ashenzari
Kikubaaqudgha
Makhleb
Nemelex Xobeh
Okawaru


Innate Abilities, Weirdness & Mutations

You are resistant to torment.
Your stone body is resilient. (AC +4)
You are immune to poison.
You resist negative energy. (rN+)
You are resistant to electric shocks. (rElec)
You can survive without breathing.
You are immune to petrification.
You are immune to rotting.


Message History

The killer bee is heavily wounded.
The killer bee stings you.
* * * LOW HITPOINT WARNING * * *
You block the killer bee's attack.
You miss the killer bee.
The killer bee is heavily wounded.
The killer bee stings you.
* * * LOW HITPOINT WARNING * * *
The killer bee stings you but does no damage.
Okay, then.
You hit the killer bee.
The killer bee is almost dead.
The killer bee completely misses you.
You closely miss the killer bee.
The killer bee is almost dead.
The killer bee barely misses you. The killer bee closely misses you.
You miss the killer bee.
The killer bee is almost dead.
The killer bee stings you.
You die...

##.###.# #..##.# ##.##.#
#.##.# #..#.# ##.#.#
#...# ##.)########
#)>y@÷....# #########.#
#.# #.# #.# #.# #.# #.#
#####################.##


You could see a killer bee.

Vanquished Creatures
  Sigmund (D:5)
  A phantom (D:4)
  A killer bee (D:5)
  A hound (D:4)
  5 orc wizards
  2 orc priests
  A centaur skeleton (D:4)
  A hound zombie (D:6)
  7 adders
  2 howler monkey skeletons
  A shadow imp (D:5)
  An adder skeleton (D:4)
  A worm (D:2)
  3 dart slugs
  5 leopard geckos
  23 orcs
  2 giant cockroaches (D:1)
  7 goblins
  6 hobgoblins
  3 jackals (D:1)
  2 quokkas (D:5)
  2 ball pythons
  7 bats
  3 frilled lizards
  8 kobolds
  2 quokka skeletons (D:4)
  8 rats
106 creatures vanquished.

Notes
Turn   | Place    | Note
-------+----------+-------------------------------------------
     0 | D:1      | karf the Gargoyle Gladiator began the quest for the Orb.
     0 | D:1      | Reached XP level 1. HP: 12/12 MP: 1/1
    73 | D:1      | Reached XP level 2. HP: 17/18 MP: 2/2
   330 | D:1      | Reached XP level 3. HP: 22/22 MP: 3/3
   674 | D:1      | Reached skill level 1 in Armour
   830 | D:2      | Found an ancient bone altar of Kikubaaqudgha.
  1151 | D:3      | Reached XP level 4. HP: 28/28 MP: 4/4
  1197 | D:3      | Reached skill level 4 in Maces & Flails
  1280 | D:3      | Reached XP level 5. HP: 10/32 MP: 5/5
  2068 | D:4      | Noticed a phantom
  2090 | D:4      | Killed a phantom
  2090 | D:4      | Reached skill level 5 in Maces & Flails
  2090 | D:4      | Reached XP level 6. HP: 29/38 MP: 6/6
  2134 | D:4      | Found a burning altar of Makhleb.
  2607 | D:4      | Found a shattered altar of Ashenzari.
  2673 | D:5      | Entered Level 5 of the Dungeon
  2816 | D:5      | Found an iron altar of Okawaru.
  2838 | D:5      | Found a sparkling altar of Nemelex Xobeh.
  2904 | D:5      | Reached XP level 7. HP: 44/44 MP: 7/7
  3059 | D:5      | Noticed Sigmund
  3080 | D:5      | Killed Sigmund
  3080 | D:5      | Reached skill level 6 in Maces & Flails
  3668 | D:5      | Reached skill level 5 in Fighting
  3668 | D:5      | Reached skill level 1 in Shields
  3673 | D:5      | HP: 1/44 [killer bee (5)]
  3676 | D:5      | Slain by a killer bee

Vault maps used:
D:1:      minmay_arrival_glassed_features, minmay_pentomino_x4
D:2:      nicolae_overflow_crystal_walls, first_bread
D:3:      minmay_misc_feat_five
D:4:      makhleb_heckhound_becter, nicolae_overflow_hidden_temple
D:5:      basic_altar, okawaru_metal_pillars_3, uniq_sigmund
D:6:      lemuel_crystal_altar, gammafunk_temple_overflow_forgotten,
          minmay_temple_entry_large_hall, serial_shops, shop, uniq_grinder

Skill      XL: |  1  2  3  4  5  6  7 |
---------------+----------------------+-----
Armour         | 1 2 3 4 |  4.2
Fighting       | 3 4 5 |  5.0
Maces & Flails | 4 5 6 |  6.5
Shields        | 1 |  1.0
Throwing       | |  1.9
Dodging        | |  2.5

Action                   |  1- 3 |  4- 6 |  7- 9 || total
-------------------------+-------+-------+-------++-------
Melee: Flail             |    49 |       |       ||    49
       Whip              |    88 |   174 |   101 ||   363
  Eat: Chunk             |     1 |     6 |     2 ||     9
Armor: Leather armour    |    56 |       |       ||    56
       Ring mail         |     6 |    71 |    41 ||   118
Dodge: Dodged            |    91 |    91 |    45 ||   227
Block: Buckler           |       |     3 |    13 ||    16

Table legend:
 A = Spawn XP
 B = Non-spawn XP
 C = Spawn XP percentage of total XP
 D = Spawn monster count
 E = Non-spawn monster count
 F = Spawn count percentage of total count
 G = Total turns spent on level
                    A         B        C        D         E        F      G
               +---------+---------+-------+---------+---------+-------+---------
         Total |       0 |    1110 |   0.0 |       0 |     106 |   0.0 |  3676
               +---------+---------+-------+---------+---------+-------+---------
           D:1 |       0 |      48 |   0.0 |       0 |      31 |   0.0 |   684
           D:2 |       0 |      30 |   0.0 |       0 |      12 |   0.0 |   462
           D:3 |       0 |     191 |   0.0 |       0 |      20 |   0.0 |   868
           D:4 |       0 |     270 |   0.0 |       0 |      16 |   0.0 |   659
           D:5 |       0 |     460 |   0.0 |       0 |      19 |   0.0 |   922
           D:6 |       0 |     111 |   0.0 |       0 |       8 |   0.0 |    81
               +---------+---------+-------+---------+---------+-------+---------
